 Dungeon Crawl Stone Soup version 0.26-a0-540-g8a0c9464d7 (webtiles) character file.

Game seed: 1417445018623320763

135 MalarOregon the Charlatan (level 4, 0/37 HPs)
             Began as a Draconian Artificer on Aug 20, 2020.
             Slain by a worm (9 damage)
             ... on level 3 of the Dungeon.
             The game lasted 00:03:38 (2692 turns).

MalarOregon the Charlatan (Draconian Artificer)     Turns: 2692, Time: 00:03:39

Health: 0/37       AC:  5    Str: 15    XL:     4   Next: 96%
Magic:  4/4        EV: 13    Int: 12    God:
Gold:   69         SH:  0    Dex: 11    Spells: 3/3 levels left

rFire    . . .     SeeInvis .   j - +0 dagger
rCold    . . .     Faith    .   (no shield)
rNeg     . . .     Spirit   .   (armour unavailable)
rPois    .         Reflect  .   (helmet restricted)
rElec    .         Harm     .   (no cloak)
rCorr    .                      (no gloves)
MR       .....                  (no boots)
Stlth    +.........             (no amulet)
HPRegen  0.12/turn              (no ring)
MPRegen  0.09/turn              (no ring)

@: no status effects
A: unfitting armour, cold-blooded, AC +5
a: no special abilities


You were on level 3 of the Dungeon.
You visited 1 branch of the dungeon, and saw 3 of its levels.

You collected 69 gold pieces.

Inventory:

Hand Weapons
 j - a +0 dagger (weapon)
   (You took it off a kobold on level 1 of the Dungeon)
Missiles
 a - 4 stones (quivered)
 k - 7 arrows
Wands
 c - a wand of enslavement (15)
 d - a wand of random effects (15)
 t - a wand of flame (15)
Scrolls
 f - a scroll of identify {unknown}
 g - a scroll of blinking {unknown}
 h - a scroll of magic mapping {unknown}
 i - a scroll of remove curse {unknown}
 l - a scroll of teleportation {unknown}
 n - a scroll of fear {unknown}
Potions
 b - a potion of magic {unknown}
 e - a potion of berserk rage {unknown}
 m - a potion of cancellation {unknown}


   Skills:
 + Level 2.8 Fighting
 + Level 1.5 Short Blades
 + Level 3.1 Dodging
 - Level 0.8 Stealth
 + Level 3.9 Evocations


You had 3 spell levels left.
You didn't know any spells.
Your spell library was empty.

Dungeon Overview and Level Annotations

Branches:
Dungeon (3/15)

Altars:

Annotations:
D:2 Sigmund


Innate Abilities, Weirdness & Mutations

Your plain brown scales are hard. (AC +5)
You cannot fit into any form of body armour.
You are cold-blooded and may be slowed by cold attacks.


Message History

You hit the howler monkey.
Your tail-slap misses the howler monkey.
The howler monkey closely misses you.
You hit the howler monkey but do no damage.
The howler monkey barely misses you.
You barely miss the howler monkey. The howler monkey hits you.
The howler monkey closely misses you.
You hit the howler monkey. The howler monkey hits you.
You closely miss the howler monkey. The howler monkey closely misses you.
You barely miss the howler monkey.
The howler monkey hoots and howls with incredible vigour!
You hear a shout!
You hit the howler monkey but do no damage.
You tail-slap the howler monkey. The howler monkey hits you.
You barely miss the howler monkey.
Your tail-slap misses the howler monkey.
The howler monkey hits you.
You hit the howler monkey.
You kill the howler monkey!
You miss the frilled lizard. You hit the frilled lizard.
You kill the frilled lizard!
You hit the goblin. The goblin completely misses you.
You hit the goblin.
You kill the goblin!
You hit the leopard gecko but do no damage.
The leopard gecko bites you.
You hit the leopard gecko. The leopard gecko bites you.
* * * LOW HITPOINT WARNING * * *
You barely miss the leopard gecko.
Your tail-slap misses the leopard gecko.
The leopard gecko bites you.
* * * LOW HITPOINT WARNING * * *
The leopard gecko bites you but does no damage.
You hit the leopard gecko.
You kill the leopard gecko!
Things that are here:
a +0 club; a frilled lizard corpse; a howler monkey corpse You start resting.
A rat comes into view.
You start resting.
A worm comes into view.
There is a stone staircase leading up here.
You hit the worm. The worm bites you!
* * * LOW HITPOINT WARNING * * *
You barely miss the worm. You tail-slap the worm. You hit the worm.
The worm closely misses you.
You hit the worm. You barely miss the worm. The worm bites you!
You die...

#.# #######)#
#.......####...
#..........w...
#.......####.#
#.......#
#.......#
#.....w.#
#.....@.#
#.(.....#
#########


You could see a worm.

Vanquished Creatures
  A howler monkey (D:3)
  4 adders
  An ooze (D:1)
  2 dart slugs (D:1)
  A worm (D:2)
  2 leopard geckos
  3 giant cockroaches
  7 goblins
  8 hobgoblins
  3 kobolds (D:1)
  A quokka (D:2)
  9 bats
  4 frilled lizards
  6 rats
52 creatures vanquished.

Notes
Turn   | Place    | Note
-------+----------+-------------------------------------------
     0 | D:1      | MalarOregon the Draconian Artificer began the quest for the
                  | Orb.
     0 | D:1      | Reached XP level 1. HP: 16/16 MP: 1/1
   140 | D:1      | Reached XP level 2. HP: 19/23 MP: 2/2
   739 | D:1      | Reached XP level 3. HP: 29/29 MP: 3/3
  1931 | D:2      | Reached XP level 4. HP: 37/37 MP: 4/4
  1961 | D:2      | Reached skill level 1 in Short Blades
  2264 | D:2      | Noticed Sigmund
  2692 | D:3      | Slain by a worm

Illustrated notes

Levels and vault maps discovered:
D:1:      beargit_arrival_greenhouse, layout_basic
D:2:      layout_rooms, uniq_sigmund
D:3:      layout_rooms, uniq_grinder

Skill      XL: |  1  2  3  4 |
---------------+-------------+-----
Fighting       | 2 |  2.8
Short Blades   | 1 |  1.5
Dodging        | 3 |  3.1
Stealth        | |  0.8
Evocations     | |  3.9

Action                   |  1- 3 |  4- 6 || total
-------------------------+-------+-------++-------
Melee: Club              |    72 |       ||    72
       Tailslap          |    19 |     8 ||    27
       Dagger            |   120 |    91 ||   211
Armor: Skin              |    66 |    25 ||    91
Dodge: Dodged            |   142 |    65 ||   207

Table legend: (Time is in decaauts)
 A = Elapsed time spent in this place.
 B = Non-inter-level travel time spent in this place.
 C = Inter-level travel time spent in this place.
 D = Time resting spent in this place.
 E = Time spent auto-exploring this place.
 F = Levels seen in this place.
 G = Mean time per level.
                   A        B        C        D        E       F      G
               +--------+--------+--------+--------+--------+-----+--------+
         Total |   2709 |   2524 |    185 |    720 |   1304 |   3 |  903.0 |
       Dungeon |   2709 |   2524 |    185 |    720 |   1304 |   3 |  903.0 |
               +--------+--------+--------+--------+--------+-----+--------+

Top non-repeatable levels by time:
     D:1: 1666 daAuts
     D:2: 944 daAuts
     D:3: 99 daAuts
